Unix NetHack Version 3.7.0-66 Work-in-progress - last build Nov 25 2022 02:21:47 (a67c8fbd212c6e9cfe3af09653023564b5ba1bad,branch:master). Game began 2022-12-02 17:32:08, ended 2022-12-02 18:38:10. Merlek, lawful male human Knight ----- ----.-...------ ------- 0--.......----- ---.[<| |............. .......#*##..............| --.)...| -+-......+---+- |..*..|# ##......-------.|..%.|..-- |..-....|...|.. -.- |.=)... ----### -.....-|.-- |........|.-|..----.. -----..+ ---)--- ........--- #.+...........-.-.....-+---....aa| |[| ......-- #...........).....--........-.--@| |)| |..-)... #....--|--------..|-.......-...-a| -.--- .|...#------ #....|%........| |....{....|..|.| -----....... .....-.#|()..| #....|(?.=!*?..| |........- |.| --........... ......|##|....| #....----------- #|--.....-----|.|-......---...- ....-----.--|--- ------.....|.. |..--.|...---..|...- -...| ......-- |(.(.|....-. |.....|....-|.....- | ---..|.........-- |.(.(-...-. |-.......... -..-----.---.-.........).....- |((.(|....| |.......*... --.............----....{.....- . ------.... |..--....... |--------.--+-- --.......... | ... ------...... |(((.|.| |.........-- ---...- |(((.-.| -------..-- |(...|-- ------ Merlek the Bachelor St:12 Dx:10 Co:14 In:8 Wi:17 Ch:18 Lawful Dlvl:5 $:4 HP:0(44) Pw:48(48) AC:1 Xp:6/356 T:3384 Hungry Burdened Latest messages: Itemized billing? [ynq] (q) A key for 9 zorkmids. Pay? [yn] (n) A lamp called magic for 44 zorkmids. Pay? [yn] (n) You bought a lamp called magic for 44 gold pieces. "Thank you for shopping in Cire Htims' hardware store!" Littlamin drops a locked chest. You drop a key (unpaid, 9 zorkmids). You feel tough! You must have been leading a healthy life-style. You see here a locked chest (no charge). You see here an uncursed pick-axe. You have a little trouble lifting x - an uncursed pick-axe. Where do you want to travel to? (For instructions type a '?') You hear crashing rock. You hit the fog cloud! You destroy the fog cloud! The killer bee stings! The killer bee stings! The killer bee's sting was poisoned! You feel weaker! The killer bee stings! The killer bee stings! The killer bee misses! You miss the killer bee. The killer bee misses! The killer bee stings! The killer bee stings! The killer bee's sting was poisoned! You are beginning to feel hungry. The killer bee stings! The killer bee stings! The killer bee stings! The killer bee misses! The killer bee misses! The killer bee just misses! You miss the killer bee. The killer bee misses! The killer bee stings! The killer bee misses! You hit the killer bee! The killer bee stings! The killer bee stings! The killer bee stings! The killer bee's sting was poisoned! You die... Do you want your possessions identified? [ynq] (n) Do you want to see your attributes? [ynq] (n) Do you want an account of creatures vanquished? [ynaq] (n) Do you want to see your conduct and achievements? [ynq] (n) Inventory: Coins $ - 4 gold pieces Weapons F - 31 uncursed +0 darts (at the ready) a - an uncursed +1 long sword (weapon in hand) b - an uncursed +1 lance (alternate weapon; not wielded) Armor d - an uncursed +0 helmet (being worn) y - an uncursed +0 orcish helm f - an uncursed +0 pair of leather gloves (being worn) V - an uncursed +0 pair of iron shoes (being worn) e - an uncursed +0 small shield (being worn) z - an uncursed +0 Hawaiian shirt with a toucan motif c - an uncursed +1 ring mail (being worn) Comestibles X - an uncursed potatoe h - 8 uncursed carrots g - an uncursed food ration i - an uncursed food ration j - an uncursed food ration Y - an uncursed tripe ration A - an uncursed lichen corpse Scrolls t - an uncursed scroll of amnesia I - an uncursed scroll of destroy armor M - an uncursed scroll of enchant armor u - an uncursed scroll of magic mapping p - 2 uncursed scrolls of teleportation Spellbooks q - an uncursed spellbook of blank paper Potions r - an uncursed potion of enlightenment W - an uncursed potion of gain ability Wands m - an uncursed wand of secret door detection (0:10) Tools k - an uncursed frost horn (0:7) v - an uncursed expensive camera (0:90) n - a cursed magic lamp w - an uncursed magic whistle x - an uncursed +0 pick-axe Merlek the Knight's attributes: Background: You were a Bachelor, a level 6 male human Knight. You were lawful, on a mission for Lugh who was opposed by Brigit (neutral) and Manannan Mac Lir (chaotic). You were in the Gnomish Mines, on level 5. You entered the dungeon 3384 turns ago. You had 356 experience points, 284 more were needed to attain level 7. Basics: You had 0 out of 44 hit points. You had all 48 energy points (spell power). Your armor class was 1. Your wallet contained 4 zorkmids. Autopickup was on for '$=?"/!%' plus thrown, with exceptions. Final Characteristics: Your strength was 12 (peak:14, limit:18/100). Your dexterity was 10 (limit:18). Your constitution was 14 (limit:18). Your intelligence was 8 (limit:18). Your wisdom was 17 (limit:18). Your charisma was 18 (limit:18). Final Status: You were hungry. You were burdened; movement was slightly slowed. You were wielding a long sword. You were skilled in long sword. Final Attributes: You were piously aligned. You could jump. You were warded. You are dead. Miscellaneous: You encountered 1 bones level. Total elapsed playing time was 40 minutes and 45 seconds. Major events: Turn 1: Merlek the lawful male human Knight entered the dungeon 925: attained the rank of Esquire (level 3) 2026: entered the Gnomish Mines 2566: reached Mine Town 3270: attained the rank of Bachelor (level 6) 3384: killed by a killer bee Vanquished creatures: a jaguar a gnome mummy a fog cloud a yellow light 4 gnome leaders a gray ooze a paper golem 3 giant ants 2 kittens a dwarf 2 kobold leaders a monkey a wererat 3 iguanas 2 hobbits a manes a hobgoblin 3 giant rats 2 cave spiders 16 gnomes a gnome zombie 3 geckos 5 jackals a fox 2 kobolds 2 goblins 3 sewer rats 9 grid bugs a bat 2 lichens 3 kobold zombies 7 newts 87 creatures vanquished. No species were genocided or became extinct. Voluntary challenges: You read items or engraved 1 time. You never engraved Elbereth. You never genocided any monsters. You never polymorphed an object. You never changed form. You used no wishes. Achievements: You entered a shop. You attained the rank of Esquire. You entered the Gnomish Mines. You entered Minetown. You entered a temple. You attained the rank of Bachelor. The Dungeons of Doom: levels 1 to 7 Level 1: Level 2: A jewelers, a fountain. Stairs down to The Gnomish Mines. Level 3: "potions" A fountain. Level 4: A fountain. Level 5: "vault" An armor shop. Level 6: Level 7: The Gnomish Mines: levels 3 to 5 Level 3: Level 4: Level 5: <- You were here. Many shops, a temple, some fountains, a grave. Final resting place for you, killed by a killer bee, dgoddard-Mon-Hum-Mal-Cha, killed by a watch captain. Game over: ---------- / \ / REST \ / IN \ / PEACE \ / \ | Merlek | | 4 Au | | killed by a | | killer bee | | | | | | 2022 | *| * * * | * _________)/\\_//(\/(/\)/\//\/|_)_______ Fare thee well Merlek the Knight... You died in The Gnomish Mines on dungeon level 5 with 1728 points, and 4 pieces of gold, after 3384 moves. You were level 6 with a maximum of 44 hit points when you died.